 Dungeon Crawl Stone Soup version 0.29.0-13-gc9e81de378 (webtiles) character file.

Game seed: 6954261853157706710

777 H0rd4k the Cutter (level 8, -17/59 HPs)
             Began as a Human Artificer on Sept 8, 2022.
             Demolished by an ogre
             ... wielding a +0 giant club
              (30 damage)
             ... on level 6 of the Dungeon.
             The game lasted 00:06:09 (7754 turns).

H0rd4k the Cutter (Human Artificer)                 Turns: 7754, Time: 00:06:09

Health: -17/59     AC:  3    Str: 14    XL:     8   Next: 10%
Magic:  8/8        EV: 14    Int: 14    God:
Gold:   319        SH:  0    Dex: 20    Spells: 7/7 levels left

rFire   . . .      SeeInvis +   A - +1 dagger (venom)
rCold   . . .      Faith    +   (no shield)
rNeg    . . .      Spirit   .   b - +0 leather armour
rPois   .          Reflect  .   (no helmet)
rElec   .          Harm     .   (no cloak)
rCorr   .          Rampage  .   (no gloves)
Will    .....                   (no boots)
Stlth   ++........              o - amulet of faith
HPRegen 0.19/turn               j - +4 ring of slaying
MPRegen 0.11/turn               G - ring of Atheism {*Corrode +Blink Str+2 Dex+6 SInv}

@: no status effects
A: no striking features
a: Evoke Blink


You were on level 6 of the Dungeon.
You visited 1 branch of the dungeon, and saw 6 of its levels.

You collected 319 gold pieces.

Inventory:

Hand Weapons
 a - a +0 club
 s - a +2 dagger of draining
 A - a +1 dagger of venom (weapon)
Missiles
 f - 12 poisoned darts
 B - a throwing net
Armour
 b - a +0 leather armour (worn)
Magical Staves
 y - a staff of conjuration
 E - a staff of cold
Jewellery
 j - a +4 ring of slaying (left hand)
 o - an amulet of faith (around neck)
 G - the ring of Atheism (right hand) {*Corrode +Blink Str+2 Dex+6 SInv}
   (You found it on level 5 of the Dungeon)

   [ring of dexterity]

   Str:       It affects your strength (+2).
   Dex:       It affects your dexterity (+6).
   SInv:      It lets you see invisible.
   +Blink:    It lets you blink.
   *Corrode:  It may corrode you when you take damage.
Wands
 c - a wand of flame (3) (quivered)
 d - a wand of charming (10)
 e - a wand of iceblast (5)
Scrolls
 i - 6 scrolls of identify {unknown}
 k - a scroll of enchant weapon {unknown}
 l - 4 scrolls of magic mapping {unknown}
 n - 2 scrolls of blinking {unknown}
 p - 2 scrolls of immolation {unknown}
 r - 2 scrolls of poison {unknown}
 t - 2 scrolls of enchant armour {unknown}
 v - 2 scrolls of amnesia {unknown}
 x - 3 scrolls of teleportation {unknown}
Potions
 g - a potion of lignification {unknown}
 h - a potion of ambrosia {unknown}
 m - 4 potions of curing {unknown}
 q - a potion of experience {unknown}
 u - 4 potions of brilliance {unknown}
 w - 2 potions of haste {unknown}
 z - 2 potions of heal wounds {unknown}
 C - 2 potions of attraction {unknown}
 D - a potion of might {unknown}
 F - a potion of invisibility {unknown}


   Skills:
 + Level 3.6 Fighting
 * Level 5.2 Short Blades
 + Level 2.9 Maces & Flails
 - Level 2.0 Armour
 + Level 4.2 Dodging
 - Level 1.0 Stealth
 - Level 3.0 Evocations


You had 7 spell levels left.
You didn't know any spells.
Your spell library contained the following spells:

 Spells                   Type           Power      Damage    Failure   Level
 Magic Dart               Conj           0%         1d3       34%         1
 Searing Ray              Conj           0%         2d4       47%         2
 Sublimation of Blood     Necr           0%         N/A       47%         2
 Wereblood                Tmut           0%         N/A       47%         2
 Conjure Flame            Conj/Fire      0%         6-21      71%         3
 Ignite Poison            Fire/Tmut/Pois 0%         N/A       71%         3
 Ozocubu's Armour         Ice            0%         N/A       71%         3
 Fulminant Prism          Conj/Hex       0%         3d6       98%         4
 Sticky Flame             Conj/Fire      0%         2d3       98%         4
 Ozocubu's Refrigeration  Ice            0%         4d7       100%        7
 Summon Hydra             Summ           0%         N/A       100%        7


Dungeon Overview and Level Annotations

Branches:
Dungeon (6/15)
 Temple: D:4-7

Altars:
Dithmenos
Xom
The Shining One

Shops:
D:5 ?

Annotations:
D:2 exclusion: downstairs
D:5 exclusion: phantom


Message History

Unknown command.
You feel agile.
You feel stronger.
G - the ring of Atheism (right hand) {*Corrode +Blink Str+2 Dex+6 SInv} Unknown command.
Okay, then.
Partly explored, can't reach some places.
Partly explored, can't reach some places.
Partly explored, can't reach some places.
Unknown command.
Partly explored, can't reach some places.
Partly explored, can't reach some places.
Partly explored, can't reach some places.
Unknown command.
Partly explored, can't reach some places.
Partly explored, can't reach some places.
(D) Dungeon
Where to? (Enter - D:5, ? - help)
There is a stone staircase leading down here.
You climb downwards.
There is a stone staircase leading up here.
Found a scale mail.
You now have 319 gold pieces (gained 16).
You pick up a book of Conjurations and begin reading...
You add the spells Magic Dart, Searing Ray and Fulminant Prism to your library.
An ogre comes into view. It is wielding a +0 giant club.
Found 4 javelins.
The ogre shouts!
You hit the ogre but do no damage.
The ogre is poisoned.
You hit the ogre.
The ogre looks as sick as possible!
You punch the ogre.
The ogre is moderately wounded.
The ogre hits you with a +0 giant club!!
You hit the ogre but do no damage.
The ogre looks as sick as possible!
The ogre is moderately wounded.
The ogre attacks as you move away!
The ogre hits you with a +0 giant club!!
* * * LOW HITPOINT WARNING * * *
The ogre attacks as you move away!
The ogre hits you with a +0 giant club!!
Ouch! That really hurt!
You die...

#.......##..##...
#............#..#
#[..##..##...#..#
#.####..##...#..#
# #...#....#..+
#...#....#..#
##......##..#
######.##.O###+###
#.....@.^....#
#............#
#...........##
#...........#
#.......##..#
.........# ..#
..#........# ...
.####.###..# ##


You could see an ogre (extremely poisoned).

Vanquished Creatures
  Menkaure (D:5)
  A centaur (D:5)
  2 scorpions (D:5)
  2 hounds (D:5)
  A jelly (D:5)
  3 iguanas (D:5)
  An orc wizard (D:4)
  8 adders
  4 gnolls
  An ufetubus (D:4)
  A worm (D:2)
  2 dart slugs
  An orc (D:5)
  5 ball pythons
  8 endoplasms
  4 giant cockroaches
  14 goblins
  11 hobgoblins
  7 jackals
  8 kobolds
  2 quokkas
  7 bats
  A frilled lizard (D:3)
  6 rats
101 creatures vanquished.

Vanquished Creatures (collateral kills)
  A jelly (D:5)
  A gnoll (D:3)
  A worm (D:5)
  2 orcs (D:4)
5 creatures vanquished.

Vanquished Creatures (others)
  A hound (D:5)
  Robin (D:3)
  2 gnolls
4 creatures vanquished.

Grand Total: 110 creatures vanquished

Notes
Turn   | Place    | Note
-------+----------+-------------------------------------------
     0 | D:1      | H0rd4k the Human Artificer began the quest for the Orb.
     0 | D:1      | Reached XP level 1. HP: 15/15 MP: 1/1
   532 | D:1      | Reached XP level 2. HP: 19/21 MP: 2/2
   830 | D:1      | Found a faded altar of an unknown god.
   830 | D:1      | Noticed a great orb of eyes
   960 | D:1      | Noticed a floating eye
   960 | D:1      | Noticed a great orb of eyes
   960 | D:1      | Noticed a great orb of eyes
   971 | D:1      | Reached skill level 1 in Maces & Flails
  1240 | D:1      | Reached XP level 3. HP: 23/26 MP: 3/3
  2314 | D:3      | You fall into a shaft and drop 1 floor!
  2419 | D:4      | Reached XP level 4. HP: 25/33 MP: 4/4
  3256 | D:4      | Reached XP level 5. HP: 28/38 MP: 5/5
  3482 | D:3      | Noticed Robin
  3937 | D:2      | Reached skill level 1 in Short Blades
  4508 | D:2      | Found a shimmering altar of Xom.
  4785 | D:3      | Reached XP level 6. HP: 24/46 MP: 6/6
  4811 | D:3      | Your ally Robin died
  5181 | D:3      | Reached skill level 2 in Short Blades
  5758 | D:5      | Entered Level 5 of the Dungeon
  5961 | D:5      | Reached skill level 3 in Short Blades
  5987 | D:5      | Found Urghasuhe's Magic Scroll Shoppe.
  6024 | D:5      | Found a glowing golden altar of the Shining One.
  6024 | D:5      | Noticed Menkaure
  6029 | D:5      | Killed Menkaure
  6030 | D:5      | Reached XP level 7. HP: 4/52 MP: 7/7
  6377 | D:5      | Reached skill level 4 in Short Blades
  7022 | D:5      | Reached XP level 8. HP: 44/58 MP: 8/8
  7113 | D:5      | Identified the ring of Atheism {*Corrode +Blink Str+2 Dex+6
                  | SInv}
  7138 | D:5      | Reached skill level 5 in Short Blades
  7545 | D:5      | Found a shadowy altar of Dithmenos.
  7754 | D:6      | Demolished by an ogre

Illustrated notes

Levels and vault maps discovered:
D:1:      pf_arrival_petrified_forest, layout_basic,
          hellmonk_ecumenical_altar_watching_god, minmay_pentomino_u2
D:2:      layout_basic, basic_altar
D:3:      layout_basic, uniq_robin
D:4:      layout_basic, small_statue_intersection
D:5:      layout_basic, lemuel_tele_altar, mainiacjoe_overflow_boulevard,
          serial_shops, shop, uniq_menkaure
D:6:      layout_gridville, minitemple, grunt_gozag_statues, temple_green,
          minmay_misc_feat_enclosed, uniq_pikel

Skill      XL: |  1  2  3  4  5  6  7  8 |
---------------+-------------------------+-----
Maces & Flails | 1 2 |  2.9
Dodging        | 2 3 4 |  4.2
Fighting       | 2 3 |  3.6
Short Blades   | 1 3 4 5 |  5.2
Armour         | |  2.0
Stealth        | |  1.0
Evocations     | |  3.0

Action                   |  1- 3 |  4- 6 |  7- 9 || total
-------------------------+-------+-------+-------++-------
Melee: Club              |   142 |    24 |       ||   166
       Punch             |     1 |       |     2 ||     3
       Dagger            |       |   112 |    64 ||   176
Evoke: Wand              |     4 |    15 |     3 ||    22
 Stab: Sleeping          |     1 |     2 |       ||     3
Armor: Leather armour    |    46 |    37 |     5 ||    88
Dodge: Dodged            |    79 |   115 |    37 ||   231
